 Dungeon Crawl Stone Soup version 0.16.1-18-g436b03c (webtiles) character file.

31 linquant the Grasshopper (level 3, 0/36 HPs)
             Began as a High Elf Warper on May 16, 2015.
             Succumbed to an adder's poison
             ... on level 2 of the Dungeon.
             The game lasted 00:13:16 (443 turns).

linquant the Grasshopper (High Elf Warper)           Turns: 443, Time: 00:13:16

Health: 0/36       AC: 21    Str: 10    XL:     3   Next: 7%
Magic:  8/8        EV:  2    Int: 22    God:
Gold:   0          SH:  0    Dex: 15    Spells: 2 memorised, 4 levels left

rFire  . . .     SeeInvis .     a - +0 short sword
rCold  . . .     Clarity  .     h - melded +0 chain mail
rNeg   + + +     SustAb   .     (no shield)
rPois  +         Gourm    .     (helmet currently unavailable)
rElec  .         Spirit   .     (cloak currently unavailable)
rCorr  .         Warding  .     (gloves currently unavailable)
rMut   .         NoTele   +     (boots currently unavailable)
MR     +....                    (no amulet)
Stlth  +.........               (no ring)
                                i - +2 ring of evasion

@: brilliant, lethally poisoned (0 -> -1), tree-form, somewhat resistant to
hostile enchantments, very unstealthy
A: (icy blue scales 0), deterioration 1, magic resistance 1
a: no special abilities


You were on level 2 of the Dungeon.
You were not hungry.
You were a tree.
You visited 1 branch of the dungeon, and saw 2 of its levels.

Inventory:

Hand weapons
 a - a +0 short sword (weapon)
 e - a +0 short sword
Armour
 b - a +0 leather armour
 h - a +0 chain mail (melded)
Jewellery
 i - a +2 ring of evasion (left branch)
Potions
 g - a potion of brilliance
Books
 c - a book of Spatial Translocations

   Spells                             Type                      Level
   a - Apportation                    Translocation                1
   b - Blink                          Translocation                2
   c - Shroud of Golubria             Charms/Translocation         2
   d - Portal Projectile              Translocation                3
   e - Teleport Other                 Translocation                3
   f - Passage of Golubria            Translocation                4
Comestibles
 f - a bread ration
 k - a chunk of flesh


   Skills:
 + Level 2.0 Fighting
 + Level 2.7 Short Blades
 + Level 1.2 Throwing
 + Level 1.2 Armour
 + Level 2.3 Dodging
 + Level 2.7 Spellcasting
 + Level 3.9 Translocations


You had 4 spell levels left.
You knew the following spells:

 Your Spells              Type           Power        Failure   Level  Hunger
a - Apportation           Tloc           ####......   1%          1    None
b - Blink                 Tloc           N/A          1%          2    ##.....


Dungeon Overview and Level Annotations

Branches:
Dungeon (2/15)

Altars:


Innate Abilities, Weirdness & Mutations

((You are partially covered in icy blue scales (AC +1).))
Your body is slowly deteriorating.
You are resistant to hostile enchantments.


Message History

There is a lethal amount of poison in your body!
There is a lethal amount of poison in your body!
There is a lethal amount of poison in your body!
There is a lethal amount of poison in your body!
i - a +2 ring of evasion (left branch)
You cannot move.
You cannot move.
You cannot move.
You cannot move.
You cannot move.
You cannot move.
You cannot move.
You cannot move.
Unknown command.
Unknown command.
* * * LOW HITPOINT WARNING * * *
You feel sick.
* * * LOW HITPOINT WARNING * * *
You feel sick.
You die...

#...............
#...###.########
....# #.# #.#.#
#.# #.#.#
#.##########
....#
#..........#
#.###
##########.# ..#
#.# ... #♣# #†#
#.....# #.#.#.#
...... ... ...
##.#.#.## #>#.
.# #.#.#


There were no monsters in sight!

Vanquished Creatures
  Terence (D:2)
  An adder (D:2)
  A hobgoblin (D:1)
  2 kobolds (D:1)
  A quokka (D:2)
  A ball python (D:1)
  A giant newt (D:1)
  2 goblins (D:1)
  4 rats
14 creatures vanquished.

Notes
Turn   | Place    | Note
--------------------------------------------------------------
     0 | D:1      | linquant, the High Elf Warper, began the quest for the Orb.
     0 | D:1      | Reached XP level 1. HP: 14/14 MP: 4/4
   267 | D:1      | Reached skill level 1 in Armour
   281 | D:1      | Reached XP level 2. HP: 16/19 MP: 6/6
   314 | D:2      | Learned a level 2 spell: Blink
   319 | D:2      | Noticed Terence
   335 | D:2      | Killed Terence
   426 | D:2      | Reached XP level 3. HP: 2/24 MP: 8/8
   430 | D:2      | Gained mutation: You are partially covered in icy blue scales (AC +1). [potion of mutation]
   430 | D:2      | Gained mutation: Your body is slowly deteriorating. [potion of mutation]
   430 | D:2      | Gained mutation: You are resistant to hostile enchantments. [potion of mutation]
   435 | D:2      | HP: 1/36 [poisoned by an adder]
   443 | D:2      | Succumbed to an adder's poison

Action                   || total
-------------------------++-------
Melee: Short sword       ||    62
Throw: Tomahawk          ||     5
 Cast: Apportation       ||     1
  Use: Scroll            ||     2
       Potion            ||     3
